 Dungeon Crawl Stone Soup version 0.19.1 (webtiles) character file.

205 dohliylev the Covert (level 5, -2/36 HPs)
             Began as a Vampire Enchanter on Nov 29, 2016.
             Slain by a centaur zombie (4 damage)
             ... in an ossuary.
             The game lasted 00:13:09 (2849 turns).

dohliylev the Covert (Vampire Enchanter)            Turns: 2849, Time: 00:13:10

Health: -2/36      AC:  5    Str:  7    XL:     5   Next: 52%
Magic:  0/8        EV: 13    Int: 18    God:
Gold:   148        SH:  0    Dex: 15    Spells: 3 memorised, 2 levels left

rFire  . . .     SeeInvis +     a - +1 dagger
rCold  . . .     Gourm    .     r - +1 robe
rNeg   + . .     Faith    .     (no shield)
rPois  .         Spirit   .     m - +2 hat
rElec  .         Reflect  .     (no cloak)
rCorr  .         Harm     +     (no gloves)
MR     .....                    (no boots)
Stlth  ++++......               h - amulet of harm
                                (no ring)
                                (no ring)

@: no status effects
A: fangs 3, see invisible, unbreathing
a: Bat Form


You were in an ossuary.
You were not thirsty.

You visited 1 branch of the dungeon, and saw 4 of its levels.
You also visited: Ossuary.

You collected 148 gold pieces.

Inventory:

Hand Weapons
 a - a +1 dagger (weapon)
 b - a +0 blowgun
Missiles
 i - 32 poisoned needles
Armour
 m - a +2 hat (worn)
 r - a +1 robe (worn)
Jewellery
 h - an amulet of harm (around neck)
Scrolls
 e - 5 scrolls of identify {unknown}
 f - 2 scrolls of teleportation {unknown}
 g - 2 scrolls of magic mapping {unknown}
 j - 4 scrolls of enchant weapon {unknown}
 k - a scroll of blinking {unknown}
 n - 2 scrolls of recharging {unknown}
 p - a scroll of immolation {unknown}
Potions
 d - 17 potions of blood
 l - a potion of curing {unknown}
 o - a potion of heal wounds {unknown}
 q - a potion of cancellation {unknown}
 s - a potion of magic {unknown}
Books
 c - a book of Maledictions

   Spells                             Type                      Level
   a - Corona                         Hexes                        1
   b - Ensorcelled Hibernation        Hexes/Ice                    2
   c - Confuse                        Hexes                        3
   d - Tukima's Dance                 Hexes                        3
   e - Dazzling Spray                 Conjuration/Hexes            3


   Skills:
 + Level 0.5 Fighting
 + Level 1.9 Short Blades
 + Level 2.7 Dodging
 * Level 8.0 Stealth
 + Level 2.2 Spellcasting
 + Level 5.1 Hexes
 + Level 1.0 Ice Magic


You had 2 spell levels left.
You knew the following spells:

 Your Spells              Type           Power        Failure   Level  Hunger
a - Corona                Hex            ###....      1%          1    #......
b - Ensorcelled Hibernat  Hex/Ice        ##....       10%         2    ##.....
c - Dazzling Spray        Conj/Hex       ##....       21%         3    ###....


Dungeon Overview and Level Annotations

Branches:
Dungeon (4/15)
 Temple: D:4-7

Altars:
Qazlal
Ru


Innate Abilities, Weirdness & Mutations

You have razor-sharp teeth.
You have supernaturally acute eyesight. (SInv)
You can survive without breathing.


Message History

The centaur zombie hits you.
* * * LOW HITPOINT WARNING * * *
You barely miss the centaur zombie.
The centaur zombie is almost destroyed.
The centaur zombie misses you.
You hit the centaur zombie.
The centaur zombie is almost destroyed.
The centaur zombie hits you.
* * * LOW HITPOINT WARNING * * *
The centaur zombie barely misses you.
Casting: Dazzling Spray
Confirm with . or Enter, or press ? or * to list all spells.
Aiming: Dazzling Spray
Press: ? - help, Shift-Dir - straight line, f/p - centaur zombie
Aim: a centaur zombie (almost destroyed)
The spray of energy hits the centaur zombie.
You destroy the centaur zombie!
Your Stealth skill increases to level 8!
The centaur zombie hits you.
You die...

#############
#s..#...#...#
+...8...#.∩.#
#.......#.@.#
##8...8###Z##
#.......#Z..#
#..Z8...'.∩.#
#...#...#...#
#############


You could see a hobgoblin zombie and a centaur zombie.

Vanquished Creatures
  A centaur zombie (Ossuary)
  An orc wizard (D:2)
  5 adders
  An ooze (D:1)
  2 worms
  2 dart slugs
  2 leopard geckos
  5 orcs (D:3)
  2 giant cockroaches
  7 goblins
  11 hobgoblins
  6 jackals
  7 kobolds
  3 quokkas
  A ball python (D:3)
  6 bats
  6 frilled lizards
  A goblin zombie (D:4)
  A jackal zombie (D:4)
  5 rats
75 creatures vanquished.

Notes
Turn   | Place    | Note
-------+----------+-------------------------------------------
     0 | D:1      | dohliylev the Vampire Enchanter began the quest for the Orb.
     0 | D:1      | Reached XP level 1. HP: 13/13 MP: 3/3
   264 | D:1      | Reached XP level 2. HP: 19/19 MP: 5/5
   268 | D:1      | Learned a level 2 spell: Ensorcelled Hibernation
   332 | D:1      | Reached skill level 5 in Stealth
   809 | D:2      | Reached XP level 3. HP: 24/24 MP: 6/6
  1004 | D:2      | Found a sacrificial altar of Ru.
  1022 | D:2      | Reached skill level 6 in Stealth
  1022 | D:2      | Reached XP level 4. HP: 25/30 MP: 1/7
  1239 | D:2      | Reached skill level 5 in Hexes
  2154 | D:3      | Found a stormy altar of Qazlal.
  2162 | D:3      | Reached skill level 7 in Stealth
  2298 | D:3      | Reached XP level 5. HP: 35/35 MP: 5/8
  2657 | D:4      | Found a sand-covered staircase.
  2662 | D:4      | Reached skill level 1 in Ice Magic
  2674 | D:3      | Learned a level 3 spell: Dazzling Spray
  2796 | Ossuary  | Entered an ossuary
  2849 | Ossuary  | Reached skill level 8 in Stealth
  2849 | Ossuary  | Slain by a centaur zombie

Skill      XL: |  1  2  3  4  5 |
---------------+----------------+-----
Stealth        | 5 6 7 8 |  8.0
Hexes          | 5 |  5.1
Ice Magic      | 1 |  1.0
Fighting       | |  0.5
Short Blades   | |  1.9
Dodging        | |  2.7
Spellcasting   | |  2.2

Action                   |  1- 3 |  4- 6 || total
-------------------------+-------+-------++-------
Melee: Dagger            |    75 |    99 ||   174
       Bite              |     4 |    11 ||    15
 Cast: Corona            |     2 |       ||     2
       Ensorcelled Hiber |     9 |    34 ||    43
       Dazzling Spray    |       |     5 ||     5
 Stab: Sleeping          |    16 |    32 ||    48
       Distracted        |     1 |       ||     1
  Eat: Corpse            |    10 |    10 ||    20
Armor: Robe              |    13 |    25 ||    38
Dodge: Dodged            |    43 |    81 ||   124
